 Dungeon Crawl Stone Soup version 0.25-a0-341-g6f074c887a (webtiles) character file.

Game seed: 1480026268805199527, levelgen mode: classic

58744 Borgoz the Fighter (level 14, -12/91 HPs)
             Began as a Gargoyle Fighter on Dec 30, 2019.
             Was a High Priest of Ashenzari.
             Mangled by an enormous slime creature (59 damage)
             ... on level 14 of the Dungeon.
             The game lasted 00:44:14 (19744 turns).

Borgoz the Fighter (Gargoyle Fighter)              Turns: 19744, Time: 00:44:15

Health: -12/91     AC: 35    Str: 24    XL:     14   Next: 91%
Magic:  21/21      EV: 12    Int: 14    God:    Ashenzari [*****.]
Gold:   777        SH:  0    Dex: 10    Spells: 9/13 levels left

rFire    + . .     SeeInvis +   l - +2 quarterstaff "Ziqirhet" {venom, rElec MR++ Str+2 Int+3}
rCold    + . .     Gourm    .   (shield currently unavailable)
rNeg     + . .     Faith    .   s - +6 chain mail of Wu Jian's Supremacy {MR+ rCorr}
rPois    ∞         Spirit   .   (no helmet)
rElec    +         Reflect  .   V - scarf {repulsion}
rCorr    +         Harm     .   A - +0 pair of gloves
MR       ++++.     Clarity  +   G - +2 pair of boots
Stlth    ..........             k - amulet "Earthly Heaven" {+Rage rF+}
HPRegen  0.25/turn              p - +2 ring of protection
MPRegen  0.17/turn              d - ring of protection from cold

@: flying, repel missiles
A: big wings, negative energy resistance 1, electricity resistance, unbreathing,
petrification resistance, rot immunity, AC +10
a: Stop Flying, Curse Item, Scrying, Transfer Knowledge, Renounce Religion,
Evoke Berserk Rage


You were on level 14 of the Dungeon.
You worshipped Ashenzari.
Ashenzari was extremely pleased with you.
You were hungry.

You visited 3 branches of the dungeon, and saw 21 of its levels.
You visited 1 bazaar.
You also visited: Volcano.

You collected 1515 gold pieces.
You spent 738 gold pieces at shops.

Inventory:

Hand Weapons
 l - the +2 quarterstaff "Ziqirhet" (weapon) {venom, rElec MR++ Str+2 Int+3}
   (You bought it in a shop in a bazaar)

   It poisons the flesh of those it strikes.
   It affects your strength (+2).
   It affects your intelligence (+3).
   It insulates you from electricity.
   It affects your resistance to hostile enchantments.
Armour
 n - a +2 buckler of protection
 o - the +5 ring mail of New Discoveries {+Inv rPois Regen+}
   (You found it on level 6 of the Dungeon)

   It protects you from poison.
   It lets you turn invisible.
   It increases your rate of regeneration.
 q - a +0 plate armour of fire resistance
 s - the +6 chain mail of Wu Jian's Supremacy (worn) {MR+ rCorr}
   (You found it on level 13 of the Dungeon)

   It affects your resistance to hostile enchantments.
   It provides partial protection from all sources of acid and corrosion.
 A - a +0 pair of gloves (worn)
 G - a +2 pair of boots (worn)
 V - a scarf of repulsion (worn)
Jewellery
 b - an uncursed ring of fire
 d - a ring of protection from cold (right hand)
 k - the amulet "Earthly Heaven" (around neck) {+Rage rF+}
   (You took it off a tengu warrior on level 13 of the Dungeon)

   [amulet of rage]

   It protects you from fire.
   It lets you go berserk.
 p - a +2 ring of protection (left hand)
Wands
 v - a wand of digging (8)
 x - a wand of acid (9)
 D - a wand of disintegration (16)
Scrolls
 a - a scroll of holy word
 c - 2 scrolls of blinking
 i - 2 scrolls of identify
 r - 3 scrolls of fog
 w - 10 scrolls of remove curse
 z - 6 scrolls of teleportation
 B - 2 scrolls of fear
 Q - a scroll of acquirement
Potions
 e - 2 potions of might
 j - 2 potions of haste
 m - 2 potions of berserk rage
 u - 4 potions of resistance
 F - 3 potions of agility
 L - 4 potions of heal wounds
 P - 5 potions of curing
 U - 3 potions of invisibility
Comestibles
 f - 41 rations


   Skills:
 + Level 11.9 Fighting
   Level 10.7(12.4) Maces & Flails
 * Level 10.6(12.4) Staves
 + Level 11.9 Armour
 * Level 9.5 Dodging
 - Level 3.2 Shields
 + Level 9.7 Evocations


You had 9 spell levels left.
You knew the following spells:

 Your Spells              Type           Power        Failure   Level  Hunger
a - Confusing Touch       Hex            #.....       80%         1    ##.....
b - Confuse               Hex            #.......     99%         3    ####...

Your spell library contained the following spells:

 Spells                   Type           Power        Failure   Level  Hunger
 Animate Skeleton         Necr           N/A          80%         1    ##.....
 Apportation              Tloc           #.....       80%         1    ##.....
 Corona                   Hex            #......      80%         1    ##.....
 Foxfire                  Conj/Fire      #...         80%         1    ##.....
 Magic Dart               Conj           #...         80%         1    ##.....
 Pain                     Necr           #...         80%         1    ##.....
 Sting                    Tmut/Pois      #...         80%         1    ##.....
 Summon Small Mammal      Summ           #...         80%         1    ##.....
 Call Imp                 Summ           #.......     91%         2    ###....
 Poisonous Vapours        Pois/Air       #.....       91%         2    ###....
 Searing Ray              Conj           #.....       91%         2    ###....
 Slow                     Hex            #.......     91%         2    ###....
 Call Canine Familiar     Summ           #.......     99%         3    ####...
 Conjure Flame            Conj/Fire      #.......     99%         3    ####...
 Dazzling Flash           Conj/Hex       #.....       99%         3    ####...
 Gell's Gravitas          Tloc           #.........   99%         3    ####...
 Ignite Poison            Fire/Tmut/Pois #.......     99%         3    ####...
 Inner Flame              Hex/Fire       #.......     99%         3    ####...
 Mephitic Cloud           Conj/Pois/Air  #.......     99%         3    ####...
 Portal Projectile        Hex/Tloc       #.....       99%         3    ####...
 Regeneration             Chrm/Necr      #.........   99%         3    ####...
 Spectral Weapon          Hex/Chrm       #.......     99%         3    ####...
 Summon Guardian Golem    Hex/Summ       #.......     99%         3    ####...
 Vampiric Draining        Necr           #.........   99%         3    ####...
 Animate Dead             Necr           N/A          100%        4    #####..
 Cause Fear               Hex            #.........   100%        4    #####..
 Fulminant Prism          Conj/Hex       #.........   100%        4    #####..
 Ice Form                 Ice/Tmut       #.......     100%        4    #####..
 Iskenderun's Mystic Bla  Conj/Tloc      #.......     100%        4    #####..
 Leda's Liquefaction      Hex/Erth       #.........   100%        4    #####..
 Olgreb's Toxic Radiance  Pois           #.......     100%        4    #####..
 Petrify                  Tmut/Erth      #.......     100%        4    #####..
 Sticky Flame             Conj/Fire      #.......     100%        4    #####..
 Summon Ice Beast         Ice/Summ       #.......     100%        4    #####..
 Summon Lightning Spire   Summ/Air       #.......     100%        4    #####..
 Bolt of Magma            Conj/Fire/Erth #.........   100%        5    ######.
 Excruciating Wounds      Chrm/Necr      #.........   100%        5    ######.
 Fireball                 Conj/Fire      #.........   100%        5    ######.
 Iskenderun's Battlesphe  Conj/Chrm      #.......     100%        5    ######.
 Metabolic Englaciation   Hex/Ice        #.........   100%        5    ######.
 Yara's Violent Unravell  Hex/Tmut       #.........   100%        5    ######.
 Freezing Cloud           Conj/Ice/Air   #.........   100%        6    #######
 Iron Shot                Conj/Erth      #.........   100%        6    #######
 Ozocubu's Refrigeration  Ice            #.........   100%        6    #######
 Simulacrum               Ice/Necr       #.........   100%        6    #######
 Orb of Destruction       Conj           #.........   100%        7    #######
 Spellforged Servitor     Conj/Summ      #.........   100%        7    #######


Dungeon Overview and Level Annotations

Branches:
Dungeon (14/15)            Temple (1/1) D:6            Lair (6/6) D:10
 Shoals (0/4) Lair:3       Spider (0/4) Lair:2        Slime (0/5) Lair:5
    Orc (0/2) D:10         Vaults (0/5) D:13        Volcano (visited)

Altars:
Ashenzari
Cheibriados
Dithmenos
Elyvilon
Fedhas
Gozag
Hepliaklqana
Kikubaaqudgha
Makhleb
Nemelex Xobeh
Okawaru
Qazlal
Ru
Sif Muna
Trog
Uskayaw
Vehumet
Wu Jian
Xom
Yredelemnul
Zin
The Shining One

Shops:
D:8 :   D:10 %   D:12 *   D:13 =

Portals:
Hell: Lair:6

Annotations:
D:14 1 runed translucent door, Quhuhar's ghost, journeyman MiGl


Innate Abilities, Weirdness & Mutations

You are resistant to torment.
Your stone body is resilient. (AC +10)
You are immune to poison.
Your large and strong wings let you fly indefinitely.
You resist negative energy. (rN+)
You are resistant to electric shocks. (rElec)
You can survive without breathing.
You are immune to petrification.
You are immune to rotting.


Message History

Okay, then.
Evoke which item? (* to show all) (? for menu, Esc to quit)
Aiming: Corrosive Bolt
Press: ? - help, Shift-Dir - straight line, f/p - enormous slime creature
Aim: an enormous slime creature (heavily wounded, extremely poisoned)
The bolt of acid hits the enormous slime creature!!
The enormous slime creature is splashed with acid!
The acid corrodes the enormous slime creature!
The enormous slime creature is severely wounded.
The enormous slime creature closely misses you.
Evoke which item? (* to show all) (? for menu, Esc to quit)
Aiming: Corrosive Bolt
Press: ? - help, Shift-Dir - straight line, f/p - enormous slime creature
Aim: an enormous slime creature (severely wounded, very poisoned, covered in acid)
The bolt of acid hits the enormous slime creature!!
The enormous slime creature is splashed with acid.
The enormous slime creature is almost dead.
The enormous slime creature hits you!!!
Ouch! That really hurt!
You die...

,,,,,,*
###**********,*
*,***,*
#.#,**### *,*
,,* *,*
#.#,,,..# *,*
,,***,*
#.#***#.# *,*
,,,,,,* #.# #.#
*,* ,****** #.#
#.# *,* ,* #(#
##.## *,* ,*
#.####.#.####.#
,*
#.(J@.###.....#
.*
######.#.######
.# ##.## .# #.#
.#
###########.#
.#
#...........#
.##
#.###########
..## #.# ...#
#.#


You could see an enormous slime creature.

Vanquished Creatures
  2 dire elephants (Lair:6)
  An ogre mage (D:13)
  5 vault guards (D:13)
  4 hydras
  2 centaur warriors (D:13)
  3 two-headed ogres
  A tengu warrior (D:13)
  Nergalle (Lair:2)
  A sixfirhy (Lair:6)
  A hell knight (Volcano)
  An unseen horror (D:13)
  Pikel (D:6)
  2 wizards
  An orc sorcerer (D:13)
  A wolf spider (Lair:2)
  2 deep elf magi (D:13)
  5 cyclopes
  An ugly thing (D:12)
  6 black mambas
  2 centaur zombies
  4 manticores
  2 orange demons (Lair:6)
  Psyche (D:8)
  A molten gargoyle (Volcano)
  A smoke demon (Volcano)
  7 spiny frogs
  4 gargoyles
  A hellwing (Lair:6)
  An ice devil (Lair:6)
  2 yaktaurs
  6 komodo dragons
  5 rime drakes
  A tengu conjurer (D:13)
  3 meliai (D:12)
  3 red devils
  A troll (D:13)
  A queen bee (D:12)
  A hornet (D:8)
  11 blink frogs
  A dream sheep (shapeshifter) (D:13)
  3 slime creatures
  10 hippogriffs
  3 redbacks (Lair:2)
  A vampire (D:10)
  A wraith (D:13)
  2 wyverns
  33 yaks
  A fire bat (Volcano)
  3 basilisks
  A steam dragon (D:13)
  6 vampire mosquitoes (D:13)
  9 water moccasins
  An acid dragon (D:12)
  10 porcupines
  8 hell hounds
  A sky beast (D:11)
  A slave (D:5)
  3 black bears
  An eye of draining (D:10)
  3 ice beasts
  8 orc warriors
  2 phantoms
  8 ogres
  A wolf (Lair:6)
  2 necrophages
  9 crocodiles
  4 centaurs
  A big kobold (D:12)
  17 bullfrogs
  A wyvern zombie (D:8)
  3 scorpions
  31 killer bees
  9 howler monkeys
  5 wights
  6 lava snakes (Volcano)
  5 crimson imps
  5 quasits
  4 jellies
  A bullfrog skeleton (D:6)
  11 orc priests
  2 centaur skeletons
  9 hounds
  6 iguanas
  Ijyb (D:5)
  Terence (D:2)
  15 orc wizards
  A hell rat (Lair:6)
  7 worker ants
  A killer bee zombie (D:8)
  2 hound zombies
  A hound skeleton (D:7)
  11 gnolls
  10 adders
  4 shadow imps
  An ooze (D:3)
  An adder skeleton (D:6)
  4 worms
  6 dart slugs
  6 leopard geckos
  61 orcs
  6 ball pythons
  A giant cockroach (D:7)
  6 goblins
  10 hobgoblins
  10 jackals
  5 quokkas
  7 bats
  4 frilled lizards
  A giant cockroach zombie (D:4)
  12 kobolds
  A leopard gecko zombie (D:8)
  2 quokka zombies (D:5)
  6 rats
  A fungus (Lair:6)
556 creatures vanquished.

Vanquished Creatures (others)
  An orc (D:5)
  A quokka (D:5)
  A fungus (Lair:4)
  A plant (Lair:1)
4 creatures vanquished.

Grand Total: 560 creatures vanquished

Notes
Turn   | Place    | Note
-------+----------+-------------------------------------------
     0 | D:1      | Borgoz the Gargoyle Fighter began the quest for the Orb.
     0 | D:1      | Reached XP level 1. HP: 14/14 MP: 1/1
   410 | D:1      | Reached XP level 2. HP: 14/19 MP: 2/2
   735 | D:1      | Reached XP level 3. HP: 23/23 MP: 3/3
  1031 | D:1      | Reached skill level 1 in Evocations
  1031 | D:1      | Reached XP level 4. HP: 7/29 MP: 4/4
  1291 | D:2      | Reached XP level 5. HP: 29/33 MP: 6/6
  1308 | D:2      | Reached XP level 6. HP: 23/39 MP: 7/7
  1702 | D:2      | Found a glowing golden altar of the Shining One.
  1775 | D:2      | Found a basalt altar of Yredelemnul.
  1797 | D:2      | Noticed an angel
  1836 | D:2      | Found a shattered altar of Ashenzari.
  1838 | D:2      | Became a worshipper of Ashenzari the Shackled
  2318 | D:3      | Noticed Terence
  2339 | D:2      | Killed Terence
  2520 | D:3      | Found a blossoming altar of Fedhas.
  2558 | D:3      | Found an ornate altar of the Wu Jian Council.
  2606 | D:3      | Found a shattered altar of Ashenzari.
  2670 | D:3      | Reached XP level 7. HP: 39/44 MP: 8/8
  2676 | D:3      | Found a shadowy altar of Dithmenos.
  2741 | D:3      | Reached skill level 5 in Maces & Flails
  3188 | D:4      | Reached skill level 5 in Fighting
  3373 | D:4      | Reached skill level 5 in Armour
  3704 | D:5      | Entered Level 5 of the Dungeon
  3760 | D:5      | Reached XP level 8. HP: 49/49 MP: 10/10
  3933 | D:5      | Found a white marble altar of Elyvilon.
  4245 | D:5      | Noticed Ijyb
  4258 | D:5      | Killed Ijyb
  4465 | D:5      | Reached * piety under Ashenzari
  4767 | D:6      | Found a staircase to the Ecumenical Temple.
  4769 | D:6      | Noticed Pikel
  5569 | D:6      | Reached XP level 9. HP: 26/56 MP: 12/12
  5746 | Temple   | Entered the Ecumenical Temple
  6089 | D:6      | Killed Pikel
  6379 | D:6      | Found a glowing silver altar of Zin.
  6457 | D:6      | Got the uncursed ring mail of New Discoveries {+Inv rPois
                  | Regen+}
  6468 | D:6      | Identified the +5 ring mail of New Discoveries {+Inv rPois
                  | Regen+} (You found it on level 6 of the Dungeon)
  6800 | D:7      | Reached skill level 5 in Evocations
  7298 | D:8      | Noticed Psyche
  7306 | D:8      | Killed Psyche
  7306 | D:8      | Reached XP level 10. HP: 55/63 MP: 11/14
  7399 | D:8      | Found Koleunuo's Book Emporium.
  7644 | D:8      | Found a bloodstained altar of Trog.
  8385 | D:10     | Entered Level 10 of the Dungeon
  8389 | D:10     | Found Tomiva's Food Shop.
  8393 | D:10     | Reached skill level 1 in Dodging
  8413 | D:10     | Reached skill level 10 in Maces & Flails
  8430 | D:10     | Found a staircase to the Lair.
  8550 | D:10     | Reached XP level 11. HP: 69/69 MP: 13/15
  9031 | D:10     | Found a staircase to the Orcish Mines.
  9329 | D:11     | Found a flickering gateway to a bazaar.
  9341 | Bazaar   | Entered a bazaar
  9341 | Bazaar   | Found Wiklop's Distillery.
  9341 | Bazaar   | Found Uzitz's Antique Weapon Emporium.
  9345 | Bazaar   | Found Ypnaawnyrph's Magic Scroll Shoppe.
  9359 | Bazaar   | Found Zoux's Magic Scroll Emporium.
  9385 | Bazaar   | Bought a potion of might for 60 gold pieces
  9394 | Bazaar   | Bought a fine quarterstaff for 207 gold pieces
  9394 | Bazaar   | Bought a glowing mace for 138 gold pieces
  9394 | Bazaar   | Bought a slimy quarterstaff for 207 gold pieces
  9394 | Bazaar   | Bought a glowing whip for 126 gold pieces
  9401 | Bazaar   | Identified the +2 quarterstaff "Ziqirhet" {venom, rElec
                  | MR++ Str+2 Int+3} (You bought it in a shop in a bazaar)
  9540 | D:11     | Reached skill level 1 in Staves
  9593 | D:11     | Reached ** piety under Ashenzari
  9630 | D:11     | Identified the cursed +3 quarterstaff of Chance {pain, rF+
                  | SInv} (You bought it in a shop in a bazaar)
 10017 | D:12     | Noticed a cyclops
 10025 | D:12     | Noticed a cyclops
 10044 | D:12     | Killed a cyclops
 10050 | D:12     | Killed a cyclops
 10083 | D:12     | Noticed a two-headed ogre
 10093 | D:12     | Killed a two-headed ogre
 10438 | D:12     | Found Jituxedae's Assorted Antiques.
 10846 | D:12     | Reached XP level 12. HP: 50/76 MP: 17/17
 11139 | D:12     | Reached skill level 5 in Dodging
 11393 | D:13     | Reached skill level 5 in Staves
 11480 | D:13     | Noticed a vault guard
 11557 | D:13     | Identified a scroll of acquirement
 11613 | D:13     | Found Tigriogh's Jewellery Shop.
 11782 | D:13     | Found a burning altar of Makhleb.
 11893 | Lair:1   | Entered Level 1 of the Lair of Beasts
 11933 | Lair:1   | Reached skill level 10 in Fighting
 11990 | Lair:1   | Noticed a four-headed hydra
 12004 | Lair:1   | Killed a four-headed hydra
 12004 | Lair:1   | Reached skill level 10 in Armour
 12063 | Lair:1   | Found a radiant altar of Vehumet.
 12089 | Lair:1   | Identified the Disquisition on Venom and Boosts
 12137 | Lair:1   | Reached *** piety under Ashenzari
 12145 | Lair:1   | Noticed a four-headed hydra
 12163 | Lair:1   | Killed a four-headed hydra
 12583 | Lair:2   | Noticed an eight-headed hydra
 12596 | Lair:2   | Killed an eight-headed hydra
 12626 | Lair:2   | Noticed Nergalle
 12641 | Lair:2   | Killed Nergalle
 12802 | Lair:2   | Found a hole to the Spider Nest.
 12896 | Lair:2   | Reached XP level 13. HP: 83/83 MP: 19/19
 13175 | Lair:2   | Reached **** piety under Ashenzari
 13559 | Lair:3   | Found a staircase to the Shoals.
 13825 | Lair:3   | Learned a level 1 spell: Confusing Touch
 13829 | Lair:3   | Learned a level 3 spell: Confuse
 15038 | Lair:5   | Reached ***** piety under Ashenzari
 15069 | Lair:5   | Identified the +8 long sword of Pyromania {freeze, Str+2
                  | Int+3}
 15318 | Lair:5   | Found a staircase to the Slime Pits.
 15845 | Lair:6   | Entered Level 6 of the Lair of Beasts
 15993 | Lair:6   | Found a dark tunnel.
 16002 | Volcano  | Entered a volcano
 16345 | Volcano  | Found a burning altar of Makhleb.
 16630 | Lair:6   | Noticed a dire elephant
 16645 | Lair:6   | Killed a dire elephant
 16769 | Lair:6   | Found a burning altar of Makhleb.
 16778 | Lair:6   | Gained mutation: Your large and strong wings let you fly
                  | indefinitely. [Gargoyle growth]
 16778 | Lair:6   | Reached XP level 14. HP: 71/90 MP: 20/20
 17061 | Lair:6   | Noticed a dire elephant
 17102 | Lair:6   | Killed a dire elephant
 17259 | Lair:6   | Found a blossoming altar of Fedhas.
 17597 | Lair:6   | Found a gateway to Hell.
 18331 | D:13     | Identified the amulet "Earthly Heaven" {+Rage rF+}
 18357 | D:13     | Reached skill level 10 in Staves
 18773 | D:13     | Identified the +6 chain mail of Wu Jian's Supremacy {MR+
                  | rCorr}
 19126 | D:13     | Found a gate to the Vaults.
 19647 | D:14     | Noticed Quhuhar's ghost (journeyman MiGl)
 19659 | D:14     | Found a runed translucent door.
 19744 | D:14     | Mangled by an enormous slime creature

Levels and vault maps discovered:
D:1:      psy_arrival_terrarium, layout_loops_corners
D:2:      minmay_chambers_of_ones, layout_loops_cross,
          grunt_temple_overflow_holy_war, marbit_many_paths
D:3:      layout_rooms, lemuel_crystal_altar, lemuel_doored_altar,
          nicolae_overflow_crystal_walls, cheibrodos_ashenzari_chains,
          uniq_terence
D:4:      layout_basic, first_ration
D:5:      layout_loops_ring, serial_rivers, chequers_serial_rivers_micro_e,
          chequers_serial_rivers_micro_e, chequers_serial_rivers_micro_e,
          chequers_serial_rivers_small_3, chequers_serial_rivers_small_a,
          elyvilon_altar_4, uniq_ijyb
D:6:      layout_loops_ring, lemuel_crystal_altar,
          minmay_temple_entry_drinking_statues, kennysheep_nondescript,
          uniq_pikel
D:7:      layout_gridville
D:8:      layout_rooms, lightli_temple_of_fire, serial_shops, shop,
          minmay_misc_feat_nine_boxes, uniq_psyche
D:9:      layout_loops_ring, grunt_ogre_cave, minivault_22
D:10:     layout_basic, minmay_lair_entry_grove, serial_shops, shop_statue,
          special_room [special_room_orc], minmay_misc_feat_encased
D:11:     layout_roguey, serial_shops, bzr_firewalk
D:12:     layout_basic, serial_shops, shop_fountains, special_room
          [special_room_bee], nicolae_two_hexagons, serial_park_tiny_1,
          hangedman_decor_clover_reticule
D:13:     minmay_the_grid_triangle_9x9_recursive_3
          [minmay_the_grid_triangle_9x9_empty,
          minmay_the_grid_triangle_9x9_negative_grid,
          minmay_the_grid_triangle_9x9_alien,
          minmay_the_grid_triangle_9x9_prize_insulated,
          minmay_the_grid_triangle_9x9_windchime,
          minmay_the_grid_triangle_9x9_swiss_cheese,
          minmay_the_grid_triangle_9x9_cache,
          minmay_the_grid_triangle_9x9_from_above,
          minmay_the_grid_triangle_9x9_shrine], layout_rooms,
          grunt_vaults_entry_fortified, serial_shops, nicolae_shop_behind_doors
D:14:     layout_loops_ring, minmay_misc_feat_enclosed,
          hellmonk_ghost_happy_afterlife, basic_altar, grunt_ministairs_11,
          pf_eden, uniq_kirke
Temple:   nicolae_temple_figure_eight
Lair:1:   layout_loops_ring, basic_altar, infiniplex_staircase_pool_2
Lair:2:   layout_regular_city, spider_nest_entry_funnel_web, uniq_nergalle
Lair:3:   layout_chaotic_city, minmay_shoals_entry_beasts, serial_bayou_shore_b
Lair:4:   layout_small_grid, serial_bayou_lake_a
Lair:5:   layout_roguey, dpeg_slime_entry_corner
Lair:6:   evil_forest, layout_small_grid, basic_altar,
          nicolae_volcano_entry_two_sided, chequers_serial_rivers_micro_d

Skill      XL: |  1  2  3  4  5  6  7  8  9 10 11 12 13 14 |
---------------+-------------------------------------------+-----
Maces & Flails | 3 4 5 7 9 10 | 10.7
Evocations     | 1 2 3 4 5 6 7 8 9 |  9.7
Fighting       | 4 5 6 7 8 9 10 11 | 11.9
Armour         | 4 5 6 7 8 9 10 11 | 11.9
Dodging        | 2 4 6 8 9 |  9.5
Staves         | 4 6 9 10 | 10.6
Shields        | |  3.2

Action                   |  1- 3 |  4- 6 |  7- 9 | 10-12 | 13-15 || total
-------------------------+-------+-------+-------+-------+-------++-------
Melee: Flail             |   105 |   152 |       |       |       ||   257
       Hand axe          |       |    29 |   330 |   239 |       ||   598
       Quarterstaff      |       |       |       |   555 |  1084 ||  1639
Throw: Throwing net      |       |       |     1 |     1 |     3 ||     5
Invok: Curse Item        |       |     1 |     1 |     1 |       ||     3
 Abil: Evoke Berserk Rag |     1 |     2 |     5 |     5 |     4 ||    17
       Fly               |       |       |       |       |     1 ||     1
Evoke: Wand              |       |       |       |       |     4 ||     4
  Use: Potion            |       |       |     6 |     2 |     2 ||    10
       Scroll            |       |       |     9 |    10 |    14 ||    33
 Stab: Held in net/web   |       |       |       |       |     1 ||     1
  Eat: Ration            |       |     1 |     1 |     2 |     3 ||     7
       Chunk             |       |     6 |    15 |    19 |    15 ||    55
Armor: Scale mail        |    51 |   104 |   151 |       |       ||   306
       Ring mail         |       |       |    50 |   472 |   432 ||   954
       Chain mail        |       |       |       |       |    42 ||    42
Dodge: Dodged            |    34 |    50 |   103 |   490 |   572 ||  1249
       Deflected         |       |       |       |       |    16 ||    16
Block: Shield            |    53 |   103 |   172 |    90 |       ||   418

Table legend:
 A = Non-vault XP
 B = Vault XP
 C = Vault XP percentage of total XP
 D = Non-vault monster count
 E = Vault monster count
 F = Vault count percentage of total count
                 A         B        C        D         E       F
            +---------+---------+-------+---------+---------+-------
      Total |   43760 |   40160 |  47.9 |     400 |     154 |  27.8
            +---------+---------+-------+---------+---------+-------
        D:1 |     164 |       0 |   0.0 |      23 |       0 |   0.0
        D:2 |     276 |      48 |  14.8 |      27 |       7 |  20.6
        D:3 |     223 |       0 |   0.0 |      21 |       0 |   0.0
        D:4 |     451 |       0 |   0.0 |      29 |       0 |   0.0
        D:5 |     419 |      38 |   8.3 |      25 |       1 |   3.8
        D:6 |     864 |     629 |  42.1 |      22 |       1 |   4.3
        D:7 |     939 |       0 |   0.0 |      29 |       0 |   0.0
        D:8 |    1091 |     448 |  29.1 |      16 |       1 |   5.9
        D:9 |     824 |     118 |  12.5 |      15 |       1 |   6.2
       D:10 |    2381 |    2377 |  50.0 |      29 |      33 |  53.2
       D:11 |    1629 |       0 |   0.0 |      10 |       0 |   0.0
       D:12 |    5208 |    2434 |  31.9 |      29 |      24 |  45.3
       D:13 |    6249 |   18376 |  74.6 |      36 |      38 |  51.4
       D:14 |    2029 |       0 |   0.0 |       8 |       0 |   0.0
     Lair:1 |    4213 |       0 |   0.0 |      17 |       0 |   0.0
     Lair:2 |    3627 |    2020 |  35.8 |      13 |       5 |  27.8
     Lair:3 |    5024 |     728 |  12.7 |      23 |       2 |   8.0
     Lair:4 |    1005 |       0 |   0.0 |       4 |       0 |   0.0
     Lair:5 |    4149 |       0 |   0.0 |      17 |       0 |   0.0
     Lair:6 |    2995 |    9699 |  76.4 |       7 |      26 |  78.8
    Volcano |       0 |    3245 | 100.0 |       0 |      15 | 100.0
            +---------+---------+-------+---------+---------+-------
